 Dungeon Crawl Stone Soup version 0.29-a0-40-g8eb35efe60 (webtiles) character file.

Game seed: 12850484217704876854

601507 Armakuni the Impregnable (level 27, -4/179 (207) HPs)
             Began as a Human Delver on Jan 30, 2022.
             Was a High Priest of the Shining One.
             Slain by a searing wretch (17 damage)
             ... on level 3 of Gehenna on Feb 1, 2022.
             The game lasted 03:35:21 (61427 turns).

Armakuni the Impregnable (Human Delver)            Turns: 61427, Time: 03:35:22

HP:   -4/179 (207)  AC: 41    Str: 30      XL:     27
MP:   38/38         EV: 15    Int: 29 (30) God:    the Shining One [*****.]
Gold: 4493          SH:  0    Dex: 16      Spells: 14/33 levels left

rFire   + . .      SeeInvis .   a - +11 eveningstar "Kioh" {vorpal, rN+}
rCold   + + .      Faith    .   F - orb {*channel}
rNeg    + + +      Spirit   .   Y - +5 gold dragon scales
rPois   +          Reflect  .   D - +2 helmet {Int+3}
rElec   .          Harm     .   H - +1 cloak {Will+}
rCorr   +          Rampage  .   L - +0 pair of gloves "Ykiuc" {rPois rC+ rCorr Int+6}
Will    ++++.                   X - -4 pair of boots of the Nexus {rF+ Str+8}
Stlth   ..........              R - amulet of regeneration
HPRegen 1.19/turn               A - ring "Woyruad" {rN+ AC+4 Str+4 Int+3}
MPRegen 0.26/turn               W - ring of willpower

@: on fire, fire vulnerable, glowing, heavily drained, unable to read
A: clever 1, clumsy 1, deterioration 1
}: 4/15 runes: barnacled, slimy, silver, gossamer
a: Renounce Religion, Divine Shield, Cleansing Flame, Summon Divine Warrior


You were on level 3 of Gehenna.
You worshipped the Shining One.
The Shining One was extremely pleased with you.
You visited 13 branches of the dungeon, and saw 55 of its levels.
You also visited: Trove, Bailey, Ice Cave and Volcano.

You collected 7811 gold pieces.
You spent 3318 gold pieces at shops.

Inventory:

Hand Weapons
 a - the +11 eveningstar "Kioh" (weapon) {vorpal, rN+}
   (You took it off a deep elf knight on level 3 of the Elven Halls)

   It inflicts extra damage upon your enemies.
   rN:        It protects you from negative energy.
 b - the +9 staff of Wucad Mu {*channel}
   (You took it off a deep elf annihilator on level 3 of the Elven Halls)

   It occasionally powers its wielder's spells, but with a chance of causing
   confusion or draining the wielder's intelligence.
   It becomes more likely to activate and less likely to backfire with increased
   Evocations skill.
 r - the +10 zealot's sword {holy, *Rage rN+ EV+3}
   (You took it off a deep elf demonologist on level 3 of the Elven Halls)

   It has been blessed by the Shining One to cause great damage to the undead
   and demons.
   Whenever the wielder enters a berserk rage, their allies are berserked
   alongside them.
   EV:        It affects your evasion (+3).
   rN:        It protects you from negative energy.
   *Rage:     It berserks you when you make melee attacks (+20% chance).
 P - the +10 dark maul {vorpal}
   (You found it on level 5 of the Pits of Slime)

   It inflicts extra damage upon your enemies.
Missiles
 n - 17 javelins
 p - a throwing net (quivered)
 B - 14 silver javelins
 C - 19 curare-tipped darts
 E - 58 boomerangs
Armour
 D - a +2 helmet of intelligence (worn)
 F - an orb of energy (worn)
 H - a +1 cloak of willpower (worn)
 L - the +0 pair of gloves "Ykiuc" (worn) {rPois rC+ rCorr Int+6}
   (You found it on level 5 of the Vaults)

   Int:       It affects your intelligence (+6).
   rC:        It protects you from cold.
   rPois:     It protects you from poison.
   rCorr:     It protects you from acid and corrosion.
 X - the -4 pair of boots of the Nexus (worn) {rF+ Str+8}
   (You found it in a volcano)

   Str:       It affects your strength (+8).
   rF:        It protects you from fire.
 Y - +5 gold dragon scales (worn)
Jewellery
 A - the ring "Woyruad" (left hand) {rN+ AC+4 Str+4 Int+3}
   (You found it on level 3 of the Depths)

   [ring of protection]

   AC:        It affects your AC (+4).
   Str:       It affects your strength (+4).
   Int:       It affects your intelligence (+3).
   rN:        It protects you from negative energy.
 R - an amulet of regeneration (around neck)
 W - a ring of willpower (right hand)
Wands
 h - a wand of acid (19)
 j - a wand of charming (10)
 k - a wand of digging (26)
 v - a wand of iceblast (16)
Scrolls
 c - 14 scrolls of fog
 e - 10 scrolls of fear
 f - 7 scrolls of amnesia
 g - 3 scrolls of summoning
 i - 12 scrolls of noise
 l - 3 scrolls of silence
 o - 29 scrolls of teleportation
 u - 6 scrolls of vulnerability
 I - 7 scrolls of holy word
 K - 6 scrolls of immolation
 N - 5 scrolls of blinking
 Q - 11 scrolls of magic mapping
Potions
 d - 3 potions of berserk rage
 q - 19 potions of curing
 s - 2 potions of cancellation
 w - 8 potions of mutation
 x - 11 potions of magic
 z - 6 potions of heal wounds
 G - 2 potions of might
 J - 4 potions of resistance
 M - 4 potions of ambrosia
 O - 4 potions of haste
 S - 5 potions of flight
Miscellaneous
 m - a phantom mirror
 t - a tin of tremorstones (2/2)


   Skills:
 - Level 15.0 Fighting
 - Level 18.4(20.0) Maces & Flails
 - Level 13.0(17.3) Staves
 - Level 15.0 Throwing
 - Level 23.5 Armour
 - Level 17.7 Dodging
 - Level 5.1 Stealth
 + Level 3.6 Spellcasting
 + Level 6.3 Conjurations
 + Level 7.6 Translocations
 - Level 5.5 Transmutations
 - Level 22.8 Invocations
 - Level 10.0 Evocations


You had 14 spell levels left.
You knew the following spells:

 Your Spells              Type           Power      Damage    Failure   Level
a - Manifold Assault      Tloc           49%        N/A       54%         5
b - Blink                 Tloc           98%        N/A       3%          2
m - Iskenderun's Mystic   Conj/Tloc      45%        2d10      28%         4
p - Portal Projectile     Hex/Tloc       54%        N/A       32%         3
w - Wereblood             Tmut           37%        N/A       9%          2
z - Apportation           Tloc           98%        N/A       2%          1
W - Passwall              Tmut/Erth      17%        N/A       26%         2

Your spell library contained the following spells:

 Spells                   Type           Power      Damage    Failure   Level
 Magic Dart               Conj           100%       1d8       3%          1
 Beastly Appendage        Tmut           74%        N/A       5%          1
 Lesser Beckoning         Tloc           49%        N/A       7%          3
 Sting                    Tmut/Pois      84%        1d7       17%         1
 Static Discharge         Conj/Air       23%        N/A       22%         2
 Conjure Flame            Conj/Fire      23%        6-21      38%         3
 Dazzling Flash           Conj/Hex       46%        N/A       38%         3
 Stone Arrow              Conj/Erth      46%        3d9       38%         3
 Spider Form              Tmut/Pois      21%        N/A       45%         3
 Animate Skeleton         Necr           10%        N/A       47%         1
 Freeze                   Ice            20%        1d4       47%         1
 Pain                     Necr           20%        1d5       47%         1
 Sandblast                Erth           10%        2d5       47%         1
 Slow                     Hex            20%        N/A       47%         1
 Summon Small Mammal      Summ           20%        N/A       47%         1
 Mephitic Cloud           Conj/Pois/Air  17%        N/A       54%         3
 Ignite Poison            Fire/Tmut/Pois 15%        N/A       58%         3
 Call Imp                 Summ           5%         N/A       63%         2
 Corpse Rot               Necr/Air       10%        N/A       63%         2
 Poisonous Vapours        Pois/Air       10%        N/A       63%         2
 Scorch                   Fire           10%        2d6       63%         2
 Sublimation of Blood     Necr           5%         N/A       63%         2
 Irradiate                Conj/Tmut      19%        3d20      77%         5
 Flame Wave               Conj/Fire      23%        2d7       80%         4
 Fulminant Prism          Conj/Hex       11%        3d9       80%         4
 Hailstorm                Conj/Ice       23%        3d7       80%         4
 Sticky Flame             Conj/Fire      23%        2d4       80%         4
 Blade Hands              Tmut           18%        N/A       83%         5
 Confusing Touch          Hex            5%         N/A       85%         3
 Frozen Ramparts          Ice            10%        1d3       85%         3
 Inner Flame              Hex/Fire       5%         N/A       85%         3
 Ozocubu's Armour         Ice            5%         N/A       85%         3
 Summon Guardian Golem    Hex/Summ       5%         N/A       85%         3
 Vampiric Draining        Necr           5%         2d6       85%         3
 Petrify                  Tmut/Erth      21%        N/A       86%         4
 Summon Forest            Summ/Tloc      13%        N/A       97%         5
 Fireball                 Conj/Fire      11%        3d7       98%         5
 Lightning Bolt           Conj/Air       11%        1d24      98%         5
 Airstrike                Air            2%         N/A       99%         4
 Anguish                  Hex/Necr       2%         N/A       99%         4
 Animate Armour           Summ/Erth      10%        N/A       99%         4
 Animate Dead             Necr           2%         N/A       99%         4
 Dispel Undead            Necr           5%         3d7       99%         4
 Leda's Liquefaction      Hex/Erth       2%         N/A       99%         4
 Olgreb's Toxic Radiance  Pois           5%         N/A       99%         4
 Summon Lightning Spire   Summ/Air       5%         N/A       99%         4
 Alistair's Intoxication  Tmut/Pois      14%        N/A       99%         5
 Freezing Cloud           Conj/Ice/Air   8%         6-21      99%         5
 Yara's Violent Unravell  Hex/Tmut       10%        3d6       99%         5
 Agony                    Necr           5%         N/A       100%        5
 Borgnjor's Vile Clutch   Necr/Erth      2%         N/A       100%        5
 Excruciating Wounds      Necr           2%         N/A       100%        5
 Lee's Rapid Deconstruct  Erth           2%         3d6*      100%        5
 Metabolic Englaciation   Hex/Ice        2%         N/A       100%        5
 Silence                  Hex/Air        2%         N/A       100%        5
 Summon Mana Viper        Hex/Summ       5%         N/A       100%        5
 Death Channel            Necr           2%         N/A       100%        6
 Eringya's Noxious Bog    Tmut/Pois      10%        N/A       100%        6
 Iron Shot                Conj/Erth      11%        9d3       100%        6
 Statue Form              Tmut/Erth      14%        N/A       100%        6
 Summon Cactus Giant      Summ           2%         N/A       100%        6
 Enfeeble                 Hex            2%         N/A       100%        7
 Orb of Destruction       Conj           21%        9d8       100%        7
 Ozocubu's Refrigeration  Ice            2%         4d5       100%        7
 Spellforged Servitor     Conj/Summ      11%        N/A       100%        7
 Storm Form               Tmut/Air       10%        N/A       100%        7
 Borgnjor's Revivificati  Necr           2%         N/A       100%        8
 Ignition                 Fire           2%         3d3       100%        8
 Infestation              Necr           2%         N/A       100%        8
 Lehudib's Crystal Spear  Conj/Erth      11%        10d4      100%        8
 Maxwell's Capacitive Co  Air            2%         ∞         100%        8
 Necromutation            Tmut/Necr      10%        N/A       100%        8
 Chain Lightning          Conj/Air       11%        3d15      100%        9
 Death's Door             Necr           2%         N/A       100%        9
 Fire Storm               Conj/Fire      11%        8d3       100%        9
 Shatter                  Erth           2%         3d6*      100%        9


Dungeon Overview and Level Annotations

Branches:
Dungeon (15/15)            Temple (1/1) D:4            Lair (6/6) D:11
 Shoals (4/4) Lair:2       Spider (4/4) Lair:2        Slime (5/5) Lair:5
    Orc (2/2) D:10            Elf (3/3) Orc:2        Vaults (5/5) D:14
  Crypt (3/3) Vaults:2       Tomb (0/3) Crypt:3      Depths (3/4) D:15
   Hell (visited)             Dis (0/7) Hell            Geh (3/7) Hell
    Coc (0/7) Hell            Tar (0/7) Hell         Bailey (visited)
  IceCv (visited)         Volcano (visited)

Altars:
Ashenzari
Cheibriados
Dithmenos
Elyvilon
Fedhas
Gozag
Hepliaklqana
Kikubaaqudgha
Makhleb
Nemelex Xobeh
Okawaru
Qazlal
Ru
Sif Muna
Trog
Uskayaw
Vehumet
Wu Jian
Xom
Yredelemnul
Zin
The Shining One
Jiyva
Lugonu

Shops:
D:2 ?   D:8 (!   D:12 (   D:15 (   Orc:2 =[=*?   Elf:1 (   Elf:2 ([(!
Vaults:2 [   Vaults:3 **   Vaults:5 !?   Depths:3 [!

Portals:
Hell: Depths:1 Depths:2 Depths:3
Abyss: Depths:3
Pandemonium: Orc:2 Depths:1 Depths:2
Ziggurat: Depths:3

Annotations:
D:3 2 transporters, qborf's ghost, amateur OgGl


Innate Abilities, Weirdness & Mutations

Your mind is acute. (Int +2)
You are clumsy. (Dex -2)
Your body sometimes deteriorates upon taking damage.


Message History

You block the searing wretch's attack. x2
The searing wretch closely misses you.
You impale the searing wretch!!
The searing wretch is moderately damaged.
Your divine shield fades away.
The searing wretch claws you.
You are engulfed in flames!
You resist.
The searing wretch claws you but does no damage.
The searing wretch bites you but does no damage.
You impale the searing wretch!!
The searing wretch is heavily damaged.
You hit the searing wretch.
The searing wretch is heavily damaged.
The searing wretch claws you!
You are engulfed in flames.
You resist. The searing wretch closely misses you.
The searing wretch bites you!
You are covered in liquid flames.
You are covered in liquid flames!
You puncture the searing wretch!
The searing wretch is severely damaged.
You are covered in liquid flames!
The searing wretch claws you!!
* * * LOW HITPOINT WARNING * * *
You are engulfed in flames!
You resist.
* * * LOW HITPOINT WARNING * * *
The searing wretch claws you!!
* * * LOW HITPOINT WARNING * * *
Your body deteriorates!
You feel dopey.
Your fire resistance is stripped away!
The searing wretch completely misses you.
You sock the searing wretch!
The searing wretch is severely damaged.
You are covered in liquid flames!
* * * LOW HITPOINT WARNING * * *
You puncture the searing wretch!
The searing wretch is almost destroyed.
You are covered in liquid flames!
* * * LOW HITPOINT WARNING * * *
The searing wretch claws you!
* * * LOW HITPOINT WARNING * * *
You are engulfed in flames!
You resist.
You die...

#≈.. #≈≈.' +.§...#
#≈≈.# #.....####
#≈≈.. ##..§.......
#≈..#
#+#.§§§.......
#≈..###.......≈≈..
#≈≈..#§§§..#..≈≈
#≈≈...§≈§..#..###
###'#@§§..##∩.≈≈#
##.##n.).##..≈≈##
#...'...§§.).≈≈§#
##.##§≈≈.§)≈≈≈≈≈§≈#
#######≈≈§≈#######
######


You could see a searing wretch.

Vanquished Creatures
  the Royal Jelly (Slime:5)
  4 dread liches
  2 ancient liches
  2 juggernauts (Depths:3)
  Margery (Vaults:4)
  Bai Suzhen (Spider:3)
  2 caustic shrikes (Depths:3)
  Saint Roka (Vaults:4)
  A golden dragon (shapeshifter) (Vaults:4)
  Geryon (Hell)
  3 golden dragons
  Nikola (Shoals:2)
  A bone dragon (Crypt:3)
  Jory (Vaults:4)
  A walking crystal tome (Depths:3)
  A hellephant (Geh:2)
  10 tentacled monstrosities
  Mlioglotl (Lair:2)
  2 walking earthen tomes (Depths:3)
  The ghost of Siling the Spry, an adept DjFE of Makhleb (Vaults:4)
  3 searing wretches
  2 walking divine tomes (Depths:3)
  A quicksilver dragon (Depths:3)
  12 liches
  2 deep elf blademasters (Elf:3)
  2 deep elf master archers (Elf:3)
  3 titans
  The ghost of anonymous the Unseen, an adept NaGl of Cheibriados (Shoals:3)
  Gastronok (D:8)
  18 acid blobs
  4 sphinxes
  2 ancient champions
  9 tengu reavers
  Kirke (D:13)
  7 azure jellies
  5 shadow dragons
  A revenant (Crypt:1)
  13 rockslimes
  Donald (Elf:3)
  15 vault wardens
  A deep elf sorcerer (Elf:3)
  A frost giant (shapeshifter) (Vaults:5)
  11 fire giants
  A cacodemon (Hell)
  3 ghost moths
  3 iron dragons
  6 emperor scorpions (Spider:4)
  2 orc warlords
  8 frost giants
  7 balrugs
  A curse skull (Crypt:2)
  17 ironbound preservers
  2 deep elf elementalists (Elf:3)
  A caustic shrike zombie (Crypt:2)
  8 ghouls
  14 very ugly things
  11 stone giants
  3 broodmothers
  9 ironbound thunderhulks
  7 war gargoyles
  6 reapers
  A stone giant (shapeshifter) (Vaults:5)
  8 quicksilver oozes
  Nessos (Orc:2)
  8 deep elf demonologists
  9 vampire knights
  6 deep elf annihilators
  3 putrid mouths (Hell)
  A bunyip (shapeshifter) (Depths:2)
  4 spark wasps
  3 entropy weavers
  A wendigo (Hell)
  10 dire elephants
  2 iron golems (Depths:1)
  Snorg (D:13)
  A green death (Depths:1)
  7 merfolk impalers
  3 eidola
  An elf zombie (Crypt:3)
  A quicksilver dragon zombie (Hell)
  4 ettins
  A spectral kraken (Shoals:3)
  A blizzard demon (Vaults:4)
  5 crystal guardians
  10 merfolk javelineers
  6 deep elf death magi
  9 great orbs of eyes
  6 fire dragons
  6 jiangshi
  3 deep elf high priests
  17 yaktaur captains
  Harold (D:11)
  3 rakshasas
  5 ice dragons
  A peacekeeper (Vaults:2)
  8 hydras
  2 hell beasts
  A spriggan air mage (Depths:3)
  8 boulder beetles
  13 centaur warriors
  28 vault guards
  2 catoblepae
  A hydra (shapeshifter) (Vaults:4)
  Erolcha (D:13)
  An alligator snapping turtle (Shoals:4)
  A radroach (Spider:3)
  A spriggan skeleton (Crypt:3)
  3 demonspawn (Orc:2)
  3 ogre magi
  A death knight (Crypt:2)
  5 ironbound frosthearts
  The ghost of p0werm0de the Fighter, a novice MiCK of Xom (D:11)
  9 two-headed ogres
  2 satyrs (Shoals:4)
  39 dancing weapons
  A merfolk aquamancer (Shoals:2)
  2 tengu warriors
  2 fenstrider witch skeletons
  A titan zombie (Hell)
  10 death yaks
  2 deep troll shamans (Depths:2)
  11 orc high priests
  7 deep troll earth magi
  29 hell knights
  9 hell hogs
  Urug (D:10)
  19 deep elf knights
  3 vampire magi
  A spriggan berserker (Depths:2)
  5 sun demons
  5 soul eaters
  6 iron trolls
  2 sixfirhies
  8 pharaoh ants
  Nergalle (D:11)
  A titan skeleton (Crypt:3)
  21 skeletal warriors
  An iron giant zombie (Crypt:1)
  11 sea snakes
  A shadow wraith (Crypt:2)
  2 sun moths
  2 sea snakes (shapeshifter)
  A fire crab (Depths:1)
  A glowing orange brain (Depths:3)
  5 orb spiders
  A large abomination (Crypt:1)
  A death drake (Depths:1)
  A bunyip skeleton (Crypt:1)
  48 deep trolls
  A storm dragon skeleton (Crypt:3)
  2 bog bodies (Crypt:2)
  A shadow demon (Hell)
  A bunyip zombie (Crypt:2)
  19 wizards
  11 deep elf archers
  9 phantasmal warriors
  6 flayed ghosts
  An orange crystal statue (Depths:2)
  5 steelbarb worms
  2 shadow dragon zombies
  An anaconda skeleton (Crypt:3)
  Pikel (D:8)
  5 harpies (Shoals:1)
  22 necromancers
  11 ironbound convokers
  7 orc knights
  35 ugly things
  34 deep elf pyromancers
  17 deep elf zephyrmancers
  A sphinx skeleton (Crypt:2)
  6 orc sorcerers
  14 lindwurms
  13 manticores
  A shadow dragon skeleton (Crypt:3)
  3 fauns (Shoals:4)
  4 moths of wrath
  4 salamanders (Volcano)
  An oklob plant (D:11)
  12 wolf spiders
  2 naga zombies
  2 shining eyes (Slime:5)
  Joseph (D:8)
  5 cyclopes
  2 stone giant skeletons
  An ice statue (IceCv)
  A water nymph (shapeshifter) (Vaults:5)
  3 dire elephant zombies
  11 rust devils
  6 smoke demons
  5 molten gargoyles
  9 black mambas
  2 naga magi (Depths:1)
  7 water nymphs
  An eye of devastation (Slime:5)
  10 merfolk sirens
  2 gargoyles
  15 vault sentinels
  2 storm dragon simulacra
  A naga skeleton (Hell)
  A torpor snail (Spider:2)
  20 cane toads
  A spectral sea snake (Shoals:3)
  3 dire elephant skeletons
  3 kobold demonologists
  A rime drake (Lair:4)
  10 demonic crawlers
  A hellion (Geh:1)
  26 yaktaurs
  An anaconda simulacrum (Hell)
  3 efreet
  A hellwing (Depths:1)
  4 freezing wraiths
  A bunyip simulacrum (Hell)
  6 komodo dragons
  An ice devil (Orc:2)
  2 harpy zombies
  A tormentor (Hell)
  2 tengu conjurers
  A red devil (Orc:2)
  2 red draconian skeletons (Crypt:1)
  2 hydra zombies
  7 wind drakes
  5 trolls
  A wolf spider simulacrum (D:14)
  A tengu simulacrum (Hell)
  12 polar bears (IceCv)
  32 merfolk
  4 hornets
  4 tyrant leeches (Lair:6)
  Prince Ribbit (D:6)
  11 meliai
  76 slime creatures
  2 harpy skeletons (Crypt:2)
  10 snapping turtles
  27 blink frogs
  A hydra skeleton (Crypt:3)
  13 dream sheep
  18 tarantellas
  A guardian serpent skeleton (Crypt:2)
  A moth of wrath zombie (Crypt:2)
  5 air elementals
  22 flying skulls (Crypt:3)
  An ettin skeleton (Crypt:3)
  A shadow (D:11)
  7 wraiths
  35 yaks
  3 fire elementals
  4 vampires
  15 water elementals
  12 jumping spiders
  18 culicivoras
  4 wyverns
  3 hogs
  3 basilisks
  A chaos spawn (Depths:2)
  A fire bat (Volcano)
  A human (shapeshifter) (D:14)
  An alligator snapping turtle simulacrum (Hell)
  16 humans
  Grum (D:11)
  2 redbacks (shapeshifter)
  2 steam dragons (D:7)
  7 golden eyes
  12 vampire mosquitoes
  48 redbacks
  A death yak simulacrum (Lair:1)
  3 wargs
  3 acid dragons
  2 spectral snapping turtles (Shoals:3)
  2 harpy simulacra
  2 hell hounds (Volcano)
  22 water moccasins
  2 floating eyes
  3 sky beasts
  2 black bears
  A black bear (shapeshifter) (Elf:2)
  A dream sheep zombie (Crypt:2)
  42 orc warriors
  5 ice beasts
  2 ettin simulacra
  8 ogres
  7 necrophages
  43 wolves
  5 boggarts
  A lindwurm skeleton (Crypt:1)
  21 centaurs
  2 phantoms
  A lemure (D:8)
  14 kobold brigands
  23 bullfrogs
  4 scorpions
  2 earth elementals (Depths:1)
  A cane toad simulacrum (Lair:1)
  2 water moccasin zombies (D:6)
  A small abomination (Crypt:1)
  A spriggan zombie (Crypt:2)
  An elephant simulacrum (Lair:1)
  4 howler monkeys
  2 oklob saplings (D:9)
  22 wights
  A vampire bat (Depths:1)
  3 electric eels
  2 lava snakes (Depths:1)
  A bullfrog zombie (Crypt:1)
  7 centaur zombies
  A crimson imp (D:6)
  3 jellies (D:4)
  29 orc priests
  5 hounds
  A gnoll shaman (D:6)
  7 centaur skeletons
  3 iguanas
  5 hell rats
  A scorpion zombie (D:5)
  18 orc wizards
  2 polar bear simulacra (Lair:3)
  A yak simulacrum (Lair:3)
  4 lightning spires (Depths:1)
  3 killer bee zombies
  A deep dwarf zombie (Crypt:2)
  4 wolf simulacra
  A hound skeleton (D:5)
  A howler monkey zombie (D:9)
  8 gnolls
  2 howler monkey skeletons
  7 adders
  2 shadow imps
  2 white imps
  An ufetubus (D:5)
  A worm zombie (Crypt:1)
  An adder zombie (D:5)
  A worm (D:2)
  A barachi skeleton (Crypt:1)
  A barachi zombie (Crypt:2)
  4 dart slugs
  94 orcs
  2 bats (D:1)
  15 endoplasms
  5 giant cockroaches
  5 goblins
  11 hobgoblins
  3 jackals (D:1)
  4 quokkas
  12 ball pythons
  5 frilled lizards
  32 kobolds
  A kobold zombie (Crypt:2)
  5 rats
  5 river rat simulacra (Lair:3)
  A bush (D:9)
2240 creatures vanquished.

Vanquished Creatures (collateral kills)
  Arachne (Spider:2)
  An Ice Fiend (Vaults:4)
  A tengu reaver (Vaults:2)
  2 emperor scorpions
  An entropy weaver (Spider:2)
  A jorogumo (Spider:1)
  A sun moth (Spider:3)
  A pharaoh ant (Spider:2)
  2 steelbarb worms (Spider:4)
  4 orb spiders
  5 wolf spiders
  A slime creature (Vaults:4)
  A moth of wrath (Spider:4)
  A torpor snail (Spider:2)
  A tarantella (Spider:1)
  A jumping spider (Spider:4)
  A culicivora (Spider:3)
  8 redbacks
34 creatures vanquished.

Vanquished Creatures (others)
  An ironbound preserver (Vaults:5)
  A deep elf zephyrmancer (Elf:1)
  A faun (Shoals:2)
  A wolf spider (Spider:1)
  A harpy zombie (Hell)
  A meliai (Spider:1)
  2 tarantellas (Spider:1)
  2 culicivoras (Spider:1)
  A jumping spider (Spider:1)
  2 humans (D:13)
  A basilisk (Depths:1)
  A redback (Spider:3)
  2 centaurs (Shoals:4)
  An orc wizard (Vaults:5)
  An orc (Vaults:5)
  4 ball lightnings (Depths:1)
  28 fungi
  173 plants
  4 tentacles (Shoals:3)
  6 toadstools (D:4)
234 creatures vanquished.

Grand Total: 2508 creatures vanquished

Notes
Turn   | Place    | Note
-------+----------+-------------------------------------------
     0 | D:5      | Armakuni the Human Delver began the quest for the Orb.
     0 | D:5      | Reached XP level 1. HP: 18/18 MP: 1/1
   205 | D:3      | Found a transporter.
   278 | D:2      | Reached XP level 2. HP: 24/24 MP: 2/2
   326 | D:4      | Found a staircase to the Ecumenical Temple.
   336 | Temple   | Entered the Ecumenical Temple
   563 | Temple   | Became a worshipper of the Shining One
  1086 | D:1      | Reached XP level 3. HP: 26/29 MP: 3/3
  2055 | D:2      | Reached XP level 4. HP: 37/37 MP: 4/4
  2146 | D:2      | Found a faded altar of an unknown god.
  2192 | D:2      | Found Nanoihad's Magic Scroll Emporium.
  2200 | D:2      | Bought a scroll of teleportation for 36 gold pieces
  3147 | D:3      | Noticed qborf's ghost (amateur OgGl)
  3164 | D:3      | Found a transporter.
  3303 | D:4      | Noticed a yak
  3793 | D:4      | Noticed a yak
  3809 | D:4      | Killed a yak
  3809 | D:4      | Noticed a yak
  3810 | D:4      | Reached skill level 5 in Fighting
  3810 | D:4      | Reached XP level 5. HP: 26/44 MP: 5/5
  3810 | D:4      | Reached XP level 6. HP: 31/51 MP: 6/6
  3818 | D:4      | Killed a yak
  3819 | D:4      | Reached skill level 5 in Maces & Flails
  3819 | D:4      | Reached skill level 1 in Armour
  3824 | D:4      | Killed a yak
  3825 | D:4      | Reached skill level 2 in Armour
  3825 | D:4      | Reached XP level 7. HP: 33/56 MP: 7/7
  4467 | D:4      | Reached * piety under the Shining One
  4496 | D:4      | Reached skill level 3 in Armour
  5054 | D:5      | Reached XP level 8. HP: 23/62 MP: 8/8
  5318 | D:5      | Reached skill level 4 in Armour
  5375 | D:5      | Reached skill level 5 in Dodging
  5723 | D:5      | Reached skill level 5 in Armour
  5723 | D:5      | Reached skill level 1 in Staves
  5897 | D:5      | Found a white marble altar of Elyvilon.
  6275 | D:5      | Reached skill level 1 in Evocations
  6393 | D:6      | Reached ** piety under the Shining One
  6457 | D:6      | Reached skill level 5 in Staves
  6457 | D:6      | Reached XP level 9. HP: 52/68 MP: 9/9
  6570 | D:6      | Learned a level 2 spell: Blink
  6872 | D:6      | Noticed Prince Ribbit
  6888 | D:6      | Killed Prince Ribbit
  7374 | D:7      | Reached skill level 6 in Armour
  7656 | D:7      | Reached skill level 7 in Armour
  7709 | D:7      | Reached *** piety under the Shining One
  7721 | D:7      | Reached XP level 10. HP: 62/74 MP: 10/10
  7729 | D:7      | Reached skill level 1 in Invocations
  7806 | D:7      | Reached skill level 10 in Staves
  7857 | D:7      | Noticed a wizard
  7857 | D:7      | Noticed a cyclops
  8115 | D:8      | Noticed Gastronok
  8277 | D:8      | Noticed Pikel
  8293 | D:8      | Killed Pikel
  8530 | D:8      | Reached skill level 5 in Invocations
  8565 | D:8      | Noticed a two-headed ogre
  8573 | D:8      | Killed a two-headed ogre
  8721 | D:7      | Killed a cyclops
  8804 | D:8      | Killed Gastronok
  8805 | D:8      | Reached XP level 11. HP: 32/79 MP: 12/16
  9145 | D:8      | Found Zualum's Distillery.
  9156 | D:8      | Bought a potion of lignification for 45 gold pieces
  9193 | D:8      | Noticed Joseph
  9218 | D:8      | Killed Joseph
  9355 | D:8      | Found Potalut's Weapon Boutique.
  9624 | D:7      | Noticed a two-headed ogre
  9639 | D:7      | Killed a two-headed ogre
  9844 | D:7      | Killed a wizard
 11284 | D:9      | Noticed a four-headed hydra
 11296 | D:9      | Killed a four-headed hydra
 11348 | D:9      | Found a flagged portal.
 11370 | Bailey   | Entered a bailey
 11375 | Bailey   | Noticed an orc warlord
 11443 | Bailey   | Found a runed translucent gate.
 11444 | Bailey   | Identified a scroll of acquirement
 11444 | Bailey   | Acquired a +1 helmet of intelligence
 11458 | Bailey   | Found a runed translucent gate.
 11459 | Bailey   | Found a runed translucent gate.
 11616 | Bailey   | Killed an orc warlord
 11617 | Bailey   | Reached skill level 10 in Invocations
 11617 | Bailey   | Reached XP level 12. HP: 86/86 MP: 19/19
 11646 | Bailey   | Reached skill level 10 in Maces & Flails
 11646 | Bailey   | Reached XP level 13. HP: 91/91 MP: 19/22
 12045 | D:9      | Reached **** piety under the Shining One
 12712 | D:10     | Entered Level 10 of the Dungeon
 12716 | D:10     | Noticed Urug
 12734 | D:10     | Killed Urug
 13213 | D:10     | Found a staircase to the Orcish Mines.
 13845 | D:11     | Noticed Harold
 13848 | D:11     | Noticed Nergalle
 13857 | D:11     | Killed Harold
 13868 | D:11     | Killed Nergalle
 14084 | D:11     | Noticed Grum
 14107 | D:11     | Killed Grum
 14273 | D:11     | Found a staircase to the Lair.
 14617 | D:11     | Found a runed translucent gate.
 14618 | D:11     | Found a runed translucent gate.
 14619 | D:11     | Found a runed translucent gate.
 14620 | D:11     | Noticed p0werm0de's ghost (novice MiCK)
 14724 | D:11     | Killed p0werm0de's ghost
 14806 | D:11     | Found a portal to a secret trove of treasure.
 15008 | D:12     | Found Hiantus's Weapon Shop.
 15191 | D:12     | Reached XP level 14. HP: 98/98 MP: 24/24
 16312 | D:13     | Noticed Erolcha
 16323 | D:13     | Killed Erolcha
 16361 | D:13     | Reached skill level 15 in Invocations
 16507 | D:13     | Identified the +7 hand axe of the Real Monster {vorpal,
                  | Str+2 Dex+3}
 16522 | D:13     | Noticed Kirke
 16538 | D:13     | Killed Kirke
 17359 | D:13     | Noticed Snorg
 17375 | D:13     | Killed Snorg
 17563 | D:14     | Reached ***** piety under the Shining One
 17563 | D:14     | Found a gate to the Vaults.
 17958 | D:13     | Reached XP level 15. HP: 62/103 MP: 27/27
 18357 | D:14     | Found a shadowy altar of Dithmenos.
 18795 | D:15     | Entered Level 15 of the Dungeon
 19051 | D:15     | Found Akifyly's Antique Weapon Emporium.
 19071 | D:15     | Found a staircase to the Depths.
 19949 | Orc:1    | Entered Level 1 of the Orcish Mines
 19966 | Orc:1    | Noticed an orc warlord
 20020 | D:10     | Killed an orc warlord
 20119 | Orc:1    | Found a bloodstained altar of Trog.
 20229 | Orc:2    | Entered Level 2 of the Orcish Mines
 20229 | Orc:2    | Found Kaorel's Jewellery Shop.
 20288 | Orc:2    | Found Caizur's General Store.
 20289 | Orc:2    | Found Qiulotir's Magic Scroll Emporium.
 20514 | Orc:2    | Noticed Nessos
 20522 | Orc:2    | Killed Nessos
 20724 | Orc:2    | Reached XP level 16. HP: 81/120 MP: 26/28
 20874 | Orc:2    | Found Cito's Jewellery Boutique.
 20874 | Orc:2    | Found a one-way gate leading to the halls of Pandemonium.
 20874 | Orc:2    | Found Denteev's Antique Armour Shop.
 20902 | Orc:2    | Bought a runed cloak for 247 gold pieces
 20963 | Orc:2    | Bought a scroll of enchant armour for 127 gold pieces
 20965 | Orc:2    | Bought 3 scrolls of summoning for 427 gold pieces
 21074 | Orc:2    | Found a staircase to the Elven Halls.
 21180 | Orc:2    | Reached skill level 10 in Fighting
 21180 | Orc:2    | Reached skill level 10 in Dodging
 21659 | Lair:1   | Entered Level 1 of the Lair of Beasts
 22014 | Lair:1   | Reached skill level 8 in Armour
 22228 | Lair:1   | Found a frozen archway.
 22247 | IceCv    | Entered an ice cave
 22481 | IceCv    | Reached skill level 9 in Armour
 22812 | IceCv    | Noticed a frost giant
 22835 | IceCv    | Killed a frost giant
 22836 | IceCv    | Reached skill level 10 in Armour
 23037 | IceCv    | Got the Compendium of Venomous Cold
 23983 | Lair:2   | Found a staircase to the Shoals.
 23996 | Lair:2   | Reached skill level 11 in Armour
 24493 | Lair:2   | Found a hole to the Spider Nest.
 24887 | Lair:3   | Reached skill level 1 in Throwing
 25624 | Lair:4   | Identified the +2 chain mail of Jewnec {Drain rElec rC+++
                  | Dex+3}
 25676 | Lair:4   | Reached XP level 17. HP: 115/128 MP: 29/29
 26496 | Lair:5   | Found a dark tunnel.
 26503 | Volcano  | Entered a volcano
 26793 | Volcano  | Identified the +2 pair of boots of the Armadillo {Str+6}
 26801 | Volcano  | Identified the -4 pair of boots of the Nexus {rF+ Str+8}
 27098 | Lair:5   | Reached skill level 12 in Armour
 27262 | Lair:5   | Found a staircase to the Slime Pits.
 27449 | Lair:6   | Entered Level 6 of the Lair of Beasts
 27620 | Lair:6   | Reached skill level 5 in Throwing
 28214 | Lair:6   | Reached skill level 13 in Armour
 28227 | Lair:6   | Identified the +1 scale mail "Ofaweupt" {Fly Stlth+}
 28788 | Spider:1 | Entered Level 1 of the Spider Nest
 29175 | Spider:1 | Reached ****** piety under the Shining One
 29176 | Spider:1 | Identified a +6 eveningstar of holy wrath (a +4 eveningstar
                  | of venom blessed by the Shining One)
 29176 | Spider:1 | Received a gift from the Shining One
 29184 | Spider:1 | Learned a level 3 spell: Portal Projectile
 29412 | Spider:1 | Reached XP level 18. HP: 107/134 MP: 0/30
 29793 | Spider:2 | Reached skill level 14 in Armour
 29908 | Spider:2 | Noticed Arachne
 29930 | Spider:2 | Killed Arachne
 30360 | Spider:2 | Identified the +4 long sword of Inflation {flame, rElec
                  | rPois rF- SInv}
 30700 | Spider:3 | HP: 4/134 [radroach (13)]
 30707 | Spider:3 | Noticed Bai Suzhen
 30808 | Spider:3 | Killed Bai Suzhen
 30809 | Spider:3 | Reached skill level 10 in Throwing
 31111 | Spider:3 | Reached skill level 15 in Armour
 31656 | Spider:4 | Entered Level 4 of the Spider Nest
 31807 | Spider:4 | Reached skill level 16 in Armour
 32158 | Spider:4 | Reached XP level 19. HP: 63/140 MP: 31/31
 32499 | Spider:4 | Got a gossamer rune of Zot
 32521 | Spider:4 | Identified the +0 hat "Fauwnaf" {rPois rC- Dex+3}
 32805 | Spider:4 | Reached skill level 17 in Armour
 32955 | Shoals:1 | Entered Level 1 of the Shoals
 32955 | Shoals:1 | Noticed Mlioglotl
 32974 | Lair:2   | Killed Mlioglotl
 33197 | Shoals:1 | You fall into a shaft and drop 1 floor!
 33449 | Shoals:2 | Noticed Nikola
 33477 | Shoals:2 | Killed Nikola
 34289 | Shoals:3 | Found a transporter.
 34294 | Shoals:3 | Found a transporter.
 34295 | Shoals:3 | Noticed anonymous's ghost (adept NaGl)
 34337 | Shoals:3 | Killed anonymous's ghost
 34350 | Shoals:3 | Identified the ring "Wehirego" {rF+ rCorr Str+6}
 34365 | Shoals:3 | Identified the +0 pair of boots of Seluan {rC- Str+3 Dex+2
                  | Stlth+}
 34711 | Shoals:4 | Entered Level 4 of the Shoals
 34817 | Shoals:4 | Reached skill level 15 in Maces & Flails
 35020 | Shoals:4 | Got a barnacled rune of Zot
 35868 | Shoals:4 | Reached XP level 20. HP: 148/149 MP: 32/32
 36085 | Shoals:4 | Learned a level 1 spell: Apportation
 36091 | Shoals:4 | Learned a level 5 spell: Manifold Assault
 36434 | Vaults:1 | Entered Level 1 of the Vaults
 37890 | Vaults:1 | You fall into a shaft and drop 1 floor!
 38500 | Vaults:2 | Found Zoeppu's Antique Armour Emporium.
 38741 | Vaults:2 | Reached XP level 21. HP: 114/158 MP: 33/33
 39425 | Vaults:2 | Found a staircase to the Crypt.
 39639 | Crypt:1  | Entered Level 1 of the Crypt
 40684 | Crypt:2  | Identified the amulet "Cuter" {Faith rPois Int+5 Dex-5}
 41740 | Crypt:3  | Entered Level 3 of the Crypt
 41778 | Crypt:2  | Found a basalt altar of Yredelemnul.
 41940 | Crypt:3  | Reached XP level 22. HP: 123/173 MP: 24/34
 42262 | Crypt:3  | Found a basalt altar of Yredelemnul.
 42262 | Crypt:3  | Noticed a dread lich
 42269 | Crypt:3  | Killed a dread lich
 42314 | Crypt:3  | Identified the +9 arbalest of Cylly {elec, Str+2}
 42367 | Crypt:3  | Reached skill level 15 in Fighting
 42441 | Crypt:3  | Reached skill level 15 in Throwing
 42489 | Crypt:3  | Got Hoenann's Collected Works on Stolen Souls
 42635 | Crypt:3  | Noticed a bone dragon
 42650 | Crypt:3  | Killed a bone dragon
 42844 | Crypt:3  | Found a staircase to the Tomb.
 43869 | Vaults:3 | Reached skill level 18 in Armour
 43898 | Vaults:3 | Found Hiwolu's General Store.
 43912 | Vaults:3 | Bought a scroll of magic mapping for 66 gold pieces
 44460 | Vaults:3 | Found Ijasin's General Store.
 44470 | Vaults:3 | Bought a scarf of resistance for 608 gold pieces
 44586 | Vaults:3 | Identified the +2 robe of the Intense Turtle {Fly rC-
                  | Regen+ Stlth+}
 45131 | Vaults:4 | Reached XP level 23. HP: 181/181 MP: 36/36
 45718 | Vaults:4 | Found a runed translucent gate.
 45718 | Vaults:4 | Found a runed translucent gate.
 45718 | Vaults:4 | Found a runed translucent gate.
 45720 | Vaults:4 | Noticed Siling's ghost (adept DjFE)
 45737 | Vaults:4 | Killed Siling's ghost
 45741 | Vaults:4 | Gained mutation: You are clumsy. (Dex -2) [mutagenic glow]
 45759 | Vaults:4 | Gained mutation: Your mind is acute. (Int +2) [mutagenic
                  | glow]
 45775 | Vaults:4 | Identified the +0 pair of boots of Dawn {Int+4 Dex-3
                  | Slay+5}
 46042 | Vaults:4 | Noticed Jory
 46050 | Vaults:4 | Killed Jory
 46131 | Vaults:5 | Entered Level 5 of the Vaults
 46134 | Vaults:5 | Noticed a dread lich
 46137 | Vaults:5 | Reached skill level 19 in Armour
 46222 | Vaults:5 | Noticed a dread lich
 46230 | Vaults:4 | Killed a dread lich
 46239 | Vaults:5 | Noticed Margery
 46251 | Vaults:4 | Killed a dread lich
 46316 | Vaults:5 | Noticed Saint Roka
 46317 | Vaults:5 | Paralysed by a floating eye for 4 turns
 46441 | Vaults:5 | Paralysed by a floating eye for 4 turns
 46668 | Vaults:4 | Reached skill level 20 in Armour
 46865 | Vaults:5 | Noticed a caustic shrike
 46866 | Vaults:5 | Noticed a golden dragon
 46866 | Vaults:5 | a caustic shrike changed into a golden dragon
 46874 | Vaults:4 | Reached XP level 24. HP: 79/188 MP: 33/37
 46979 | Vaults:5 | a golden dragon changed into a shadow dragon
 47103 | Vaults:5 | Noticed a golden dragon
 47103 | Vaults:5 | a shadow dragon changed into a golden dragon
 47115 | Vaults:4 | Killed a golden dragon
 47282 | Vaults:4 | Killed Margery
 47554 | Vaults:4 | Killed Saint Roka
 47919 | Vaults:5 | Noticed a golden dragon
 47929 | Vaults:5 | Killed a golden dragon
 48328 | Vaults:5 | Found Wilob's Distillery.
 48337 | Vaults:5 | Bought a potion of heal wounds for 75 gold pieces
 48337 | Vaults:5 | Bought a potion of heal wounds for 75 gold pieces
 48340 | Vaults:5 | Bought a potion of resistance for 150 gold pieces
 48393 | Vaults:5 | Found Ilomyisch's Magic Scroll Shop.
 48397 | Vaults:5 | Bought a scroll of magic mapping for 66 gold pieces
 48545 | Vaults:5 | Noticed a golden dragon
 48554 | Vaults:5 | Killed a golden dragon
 48566 | Vaults:5 | Noticed an ancient lich
 48571 | Vaults:5 | Killed an ancient lich
 48612 | Vaults:5 | Noticed a dread lich
 48620 | Vaults:5 | Killed a dread lich
 48676 | Vaults:5 | Identified the +0 chain mail of Reip {Rampage rF++ rN+
                  | Int-3}
 49212 | Vaults:5 | Identified the +0 pair of gloves "Ykiuc" {rPois rC+ rCorr
                  | Int+6}
 49234 | Vaults:5 | Got a silver rune of Zot
 49559 | Depths:1 | Entered Level 1 of the Depths
 49559 | Depths:1 | Found a gateway to Hell.
 49896 | Depths:1 | Got the Incunabulum of Transformation
 50252 | Depths:1 | Got the Papyrus of Heat
 50299 | Depths:1 | Found a radiant altar of Vehumet.
 50522 | Depths:1 | Got the Collected Works on Hexes
 50688 | Depths:1 | Reached XP level 25. HP: 194/194 MP: 38/38
 50700 | Depths:1 | Got Dispater's Papyrus of the Rocks
 50768 | Depths:1 | Found Zin's Purification Station.
 50771 | Depths:1 | Found a glowing silver altar of Zin.
 50776 | Depths:1 | Bought 2 potions of curing for 180 gold pieces
 51035 | Depths:1 | Paralysed by an air elemental for 1 turns
 51047 | Depths:1 | Paralysed by an air elemental for 1 turns
 51060 | Depths:1 | Paralysed by an air elemental for 1 turns
 51130 | Depths:1 | Got Cysamuatt's Incunabulum of Lightness
 51242 | Depths:2 | Reached skill level 15 in Dodging
 51440 | Depths:2 | Paralysed by a floating eye for 4 turns
 51612 | Depths:2 | Gained mutation: Your body sometimes deteriorates upon
                  | taking damage. [mutagenic glow]
 51685 | Depths:2 | Identified the ring "Wiggo" {Will+ Slay+3}
 52384 | Depths:3 | Noticed a caustic shrike
 52439 | Depths:3 | Noticed a juggernaut
 52499 | Depths:3 | Noticed a caustic shrike
 52511 | Depths:3 | Killed a caustic shrike
 52514 | Depths:3 | Noticed a juggernaut
 52527 | Depths:3 | Killed a juggernaut
 52712 | Depths:3 | Found the +8 demon trident "Rift" {distort, reach+}
 52734 | Depths:3 | Identified the ring "Woyruad" {rN+ AC+4 Str+4 Int+3}
 52775 | Depths:3 | Killed a juggernaut
 52979 | Depths:3 | Killed a caustic shrike
 53302 | Depths:3 | Found a one-way gateway to a ziggurat.
 53440 | Depths:3 | Reached skill level 21 in Armour
 53467 | Depths:3 | Identified the +2 scale mail "Honehojy" {+Inv Regen+ Str-3
                  | Int-2}
 53559 | Depths:3 | Found a corrupted altar of Lugonu.
 53560 | Depths:3 | Found a one-way gate to the infinite horrors of the Abyss.
 53757 | Depths:3 | Found Qikeapip's Antique Armour Boutique.
 53784 | Depths:3 | Bought a fine chain mail for 351 gold pieces
 53784 | Depths:3 | Identified the +1 chain mail "Tyjiecyn" {rPois Str-2 Int-4
                  | Dex+10} (You bought it in a shop on level 3 of the Depths)
 53784 | Depths:3 | Found Vaasur's Distillery.
 53792 | Depths:3 | Bought a potion of heal wounds for 90 gold pieces
 53792 | Depths:3 | Bought a potion of mutation for 144 gold pieces
 53792 | Depths:3 | Bought a potion of magic for 144 gold pieces
 54264 | D:11     | You paid a toll of a +7 demon blade to enter a treasure
                  | trove
 54265 | Trove    | Entered a treasure trove
 54277 | Trove    | Identified the +8 quarterstaff of Dithmenos's Favour
                  | {antimagic, rElec rPois Will- Int+7}
 54294 | Trove    | Reached XP level 26. HP: 201/201 MP: 38/38
 54302 | Trove    | Identified the amulet of Monotheism {Spirit -Tele Int+7}
 54305 | Trove    | Identified the amulet of Silymumi {Reflect *Slow Str+5
                  | Int-3 SH+5 Stlth+}
 54364 | Trove    | Learned a level 2 spell: Wereblood
 54493 | Elf:1    | Entered Level 1 of the Elven Halls
 54494 | Elf:1    | Upgraded the game from 0.29-a0-23-ga79f92ac9c to
                  | 0.29-a0-25-g7f48f510a0
 54501 | Elf:1    | You fall into a shaft and drop 1 floor!
 54534 | Elf:2    | Reached XP level 27. HP: 203/207 MP: 38/38
 54534 | Elf:2    | Found a runed translucent gate.
 54539 | Elf:2    | Found a runed translucent gate.
 54541 | Elf:2    | Found a runed translucent gate.
 54832 | Elf:1    | Learned a level 4 spell: Iskenderun's Mystic Blast
 55019 | Elf:1    | Paralysed by an air elemental for 1 turns
 55232 | Elf:1    | Found an ancient bone altar of Kikubaaqudgha.
 55301 | Elf:1    | Found Abais's Antique Weapon Shoppe.
 55344 | Elf:1    | Bought a runed great mace for 256 gold pieces
 55728 | Elf:1    | Reached skill level 22 in Armour
 56006 | Elf:2    | Found Dirgha's Distillery.
 56053 | Elf:2    | Bought a potion of heal wounds for 55 gold pieces
 56053 | Elf:2    | Bought 2 potions of magic for 176 gold pieces
 56096 | Elf:2    | Found Vauxzy's Armour Emporium.
 56099 | Elf:2    | Found Yxtew's Weapon Shoppe.
 56194 | Elf:2    | Found Oweuwuro's Weapon Shoppe.
 56737 | Elf:3    | Entered Level 3 of the Elven Halls
 57175 | Elf:3    | Identified the +0 ring mail of the Falcon {rElec Will+
                  | Regen+}
 57210 | Elf:3    | Reached skill level 23 in Armour
 57488 | Elf:3    | Identified the +9 glaive "Cesas" {drain, rElec rF++ Will-
                  | Stlth-}
 57518 | Elf:3    | Identified the +11 eveningstar "Kioh" {vorpal, rN+}
 57849 | Elf:3    | Identified the +0 pair of gloves of the Salamander {rCorr}
 57948 | Elf:3    | Got Sif Muna's Catalogue of Unstable Enchantment
 58207 | Elf:3    | Identified the +0 kite shield "Fecyudd" {rC+ rCorr Str-5}
 58207 | Elf:3    | Noticed Donald
 58214 | Elf:3    | Killed Donald
 58264 | Elf:3    | Paralysed by an air elemental for 1 turns
 58269 | Elf:3    | Reached skill level 5 in Evocations
 58627 | Slime:1  | Entered Level 1 of the Pits of Slime
 58998 | Slime:5  | Entered Level 5 of the Pits of Slime
 59077 | Slime:5  | Found a viscous altar of Jiyva.
 59096 | Slime:5  | Noticed the Royal Jelly
 59285 | Slime:5  | Killed the Royal Jelly
 59312 | Slime:5  | Paralysed by a floating eye for 4 turns
 59454 | Slime:5  | Found the +10 dark maul {vorpal}
 59531 | Slime:5  | Identified the ring "Gevod" {+Blink rCorr Int+2}
 59541 | Slime:5  | Got a slimy rune of Zot
 59558 | Slime:5  | Identified the +1 robe "Viad" {rC+}
 59578 | Slime:5  | Identified the +1 spear of Ycvocreq {freeze, *Slow rC+
                  | Int+2 Dex+7}
 59663 | Slime:5  | Learned a level 2 spell: Passwall
 59862 | Lair:1   | Upgraded the game from 0.29-a0-25-g7f48f510a0 to
                  | 0.29-a0-40-g8eb35efe60
 59950 | Hell     | Entered the Vestibule of Hell
 59950 | Hell     | Noticed Geryon
 59989 | Hell     | Reached skill level 1 in Conjurations
 59989 | Hell     | Reached skill level 1 in Transmutations
 60049 | Hell     | Reached skill level 10 in Evocations
 60059 | Hell     | Killed Geryon
 60091 | Hell     | Reached skill level 5 in Translocations
 60489 | Hell     | Found a gateway to the Iron City of Dis.
 60549 | Hell     | Found a gateway to the freezing wastes of Cocytus.
 60577 | Hell     | Paralysed by a wendigo for 1 turns
 60587 | Hell     | Paralysed by a wendigo for 1 turns
 60591 | Hell     | Paralysed by a wendigo for 1 turns
 60594 | Hell     | Paralysed by a wendigo for 1 turns
 60673 | Hell     | Reached skill level 5 in Transmutations
 60770 | Hell     | Found a gateway to the ashen valley of Gehenna.
 60794 | Hell     | Reached skill level 5 in Conjurations
 60941 | Hell     | Found a gateway to the decaying netherworld of Tartarus.
 61078 | Geh:1    | Entered Level 1 of Gehenna
 61316 | Geh:2    | Noticed an ancient lich
 61325 | Geh:2    | Killed an ancient lich
 61427 | Geh:3    | Slain by a searing wretch

Illustrated notes

Levels and vault maps discovered:
D:1:      scummos_arrival_forest, layout_loops_corners,
          hangedman_abyss_or_decor_stabs, palyth_stone_intersect
D:2:      layout_basic, hellmonk_ecumenical_altar_arch_garden, serial_shops,
          shop
D:3:      layout_rooms, gammafunk_ghost_arena
D:4:      cheibrodos_fertilizer, layout_loops_corners,
          minmay_temple_entry_statues_pillars, chequers_serial_rivers_small_3
D:5:      layout_rooms, elyvilon_altar_3, minmay_manual_macuahuitl
D:6:      layout_gridville, minmay_fire_ice_demons, uniq_prince_ribbit1
D:7:      nzn_winding_woodlands_large [nzn_winding_woodlands_5x5_default,
          nzn_winding_woodlands_5x15_sidewinder,
          nzn_winding_woodlands_hourglass, nzn_winding_woodlands_center_garden,
          nzn_winding_woodlands_15x15_eel_pit,
          nzn_winding_woodlands_center_lodge, nzn_winding_woodlands_5x5_default,
          nzn_winding_woodlands_5x15_pockets, nzn_winding_woodlands_5x5_three],
          layout_layer_cave, st_stairs_2
D:8:      layout_basic, serial_shops, shop, nicolae_diamond_shop, uniq_pikel,
          uniq_gastronok, uniq_joseph
D:9:      layout_roguey, enter_bailey_4, introduction_to_nature_2
D:10:     layout_gridville, david_orc_4, minivault_27, uniq_urug
D:11:     layout_small_grid, dpeg_oklobed_lair, gammafunk_ghost_nasty_kobolds,
          nicolae_trove_entry_columns, uniq_harold, uniq_nergalle, uniq_grum
D:12:     layout_layer_cave, serial_shops, nicolae_shop_advertising_works
          [nicolae_subvault_shop_adworks]
D:13:     layout_layer_cave, chequers_serial_rivers_micro_a, uniq_snorg,
          uniq_erolcha, uniq_kirke
D:14:     layout_basic, david_vaults_3, grunt_dithmenos_smoke
D:15:     hangedman_depths_entry_civil_slaughter, layout_stronghold,
          serial_shops, shop
Temple:   mainiacjoe_temple_archimedes_tessellation
Lair:1:   layout_layer_cave, portal_ice_cave_entry_ice_simulacra,
          lemuel_fruit_tree
Lair:2:   layout_layer_cave, elwin_shoals_entry_stream,
          spider_nest_entry_funnel_web, lemuel_fruit_fields, grunt_megastairs_4
Lair:3:   layout_loops_ring, eino_house_with_fridge, serial_bayou_shore_a
Lair:4:   layout_concentric_octagons
Lair:5:   layout_gridlike, slime_dummy, nicolae_volcano_entry_hallway
Lair:6:   minmay_lair_end_frog_pond, layout_gridlike,
          nicolae_lair_run_with_the_wolves
Shoals:1: layout_shoals, serial_shops, nicolae_shop_overgrown_old_shop,
          uniq_mlioglotl
Shoals:2: layout_shoals, uniq_nikola
Shoals:3: layout_shoals, ebering_ghost_davey_jones
Shoals:4: shoals_end_grunt_ice, layout_shoals, nicolae_shoals_shepherds
Spider:1: layout_spider_delve
Spider:2: layout_spider_delve, uniq_arachne
Spider:3: layout_spider_delve, uniq_bai_suzhen
Spider:4: guppyfry_spider_rune
Slime:1:  layout_caves
Slime:2:  layout_caves, uniq_dissolution
Slime:3:  layout_caves
Slime:4:  layout_caves
Slime:5
Orc:1:    layout_diamond_mine, basic_altar
Orc:2:    pf_orc_diabolical, layout_caves, serial_shops,
          nicolae_shop_hallway_stairs, uniq_nessos
Elf:1:    nicolae_elf_arrival_no_cutting_in_line, layout_gridlike, serial_shops,
          nicolae_shop_window_shopping, basic_altar,
          hangedman_elven_crosses_minicolossus, minivault_20
Elf:2:    nicolae_elf_blades_splatter_lattice
          [nicolae_blade_entry_floor_patterns], layout_geoelf_diagonals,
          serial_shops, shop, shop, nicolae_shop_bloodbath_and_beyond,
          nicolae_shop_window_shopping
Elf:3:    elf_hall_gauntlet_narrow, layout_geoelf_octagon, uniq_donald
Vaults:1: nicolae_vaults_what_the_h, v_misc_11, ontoclasm_vaults_ring_small,
          vaults_room_grunt_arrival_ludios, v_pattern_1, v_alt_pattern_1,
          v_misc_15, v_misc_2, serial_ice_m, ontoclasm_vaults_decontamination,
          layout_vaults_omnigrid, serial_shops, nicolae_diamond_shop
Vaults:2: vaults_dpeg_spiral, hangedman_vaults_hard_town_square,
          nicolae_vaults_little_squares_3, nicolae_vaults_twisting_passages,
          v_misc_19, ontoclasm_vaults_spin, v_misc_33, v_misc_24,
          nicolae_vaults_little_squares_1, minmay_crypt_entry_vampire_xt,
          layout_vaults_big_cross, serial_shops, nicolae_shop_statue_plus
Vaults:3: nicolae_vaults_network_square, v_misc_8, vaults_room_mumra_shop_pool,
          hangedman_vaults_hat, vaults_room_door_ring, hangedman_vaults_nails,
          nicolae_vaults_fighting_squares, ontoclasm_vaults_ring_square,
          hangedman_vaults_trim, vaults_dpeg_encased_lava, v_misc_27,
          layout_vaults_big_room, serial_shops, nicolae_shop_window_shopping
Vaults:4: gammafunk_ghost_tricky_traps, grunt_vaults_hallway_long,
          hangedman_vaults_stream, nicolae_vaults_little_ls, st_cells,
          ontoclasm_vaults_eye, grunt_vaults_hallway_short, vaults_room_fours,
          hangedman_vaults_variations, nicolae_vaults_theta,
          nicolae_vaults_specimen_jars, ontoclasm_vaults_loading_screen,
          v_misc_30, hangedman_vaults_nails, vaults_room_stairs_pillars,
          layout_vaults_ring, uniq_jory
Vaults:5: serial_shops, uniq_saint_roka, uniq_margery
Crypt:1:  layout_basic, tombwall_bobbens
Crypt:2:  layout_gridlike, grunt_megastairs_1, lemuel_elevator,
          lemuel_upstairs_altar
Crypt:3:  cryptofortress_bobbens
Depths:1: layout_cave_pools, hell_entry, rand_demon_pan_entry_4,
          serial_hangedman_research, hangedman_research_pyrotechnics,
          hangedman_research_toxicology, hangedman_research_geology,
          hangedman_research_probablistics, hangedman_research_metamorphosis,
          hangedman_research_electronics, nicolae_vehumet_radiance,
          dk_noncrumbling_2, kennysheep_nondescript,
          minmay_misc_feat_nine_boxes, minmay_misc_feat_columns, zin_purify
Depths:2: kennysheep_oblong_rooms, layout_cave_pools, roderic_roman_lattice,
          hangedman_geh_valley, rand_demon_pan_entry_5, minmay_liquid_box,
          minivault_16, feat_on_display
Depths:3: minmay_tile_spiral, layout_twisted_cross, enter_ziggurat_e,
          lightli_too_deep, chequers_big_river, abyss_entry_flame_altar,
          amcnicky_mini_corridor_feature, serial_bayou_shore_b,
          infiniplex_staircase_zigzag_4, serial_bayou_shore_b, minmay_shoptagon
Hell
Geh:1:    layout_gehenna_pools_triple
Geh:2:    layout_gehenna_pools_basic
Geh:3:    layout_gehenna_lava_caves

Skill      XL: |  1  2  3  4  5  6  7  8  9 10 11 12 13 14 15 16 17 18 19 20 21 22 23 24 25 26 27 |
---------------+----------------------------------------------------------------------------------+-----
Fighting       | 4 5 9 10 11 14 15 | 15.0
Maces & Flails | 4 5 8 10 12 13 14 16 18 | 18.4
Armour         | 2 3 5 7 11 13 16 17 18 20 21 23 | 23.5
Dodging        | 3 4 5 9 10 13 17 | 17.7
Staves         | 5 9 13 | 13.0
Evocations     | 2 4 10 | 10.0
Invocations    | 7 10 12 14 17 18 20 22 | 22.8
Throwing       | 2 8 10 11 14 15 | 15.0
Spellcasting   | 2 3 |  3.6
Translocations | 3 7 |  7.6
Conjurations   | 6 |  6.3
Transmutations | 5 |  5.5
Stealth        | |  5.1

Action                   |  1- 3 |  4- 6 |  7- 9 | 10-12 | 13-15 | 16-18 | 19-21 | 22-24 | 25-27 || total
-------------------------+-------+-------+-------+-------+-------+-------+-------+-------+-------++-------
Melee: Mace              |    99 |    43 |       |       |       |       |       |       |       ||   142
       Punch             |     2 |     1 |     6 |       |       |       |       |       |       ||     9
       Flail             |       |    14 |   122 |       |       |       |       |       |       ||   136
       Whip              |       |       |   192 |       |       |       |       |       |       ||   192
       Dire flail        |       |       |    10 |   296 |  1011 |  1044 |   129 |       |       ||  2490
       Eveningstar       |       |       |       |       |       |   303 |       |       |   542 ||   845
       Great mace        |       |       |       |       |       |       |   866 |   843 |   707 ||  2416
Throw: Dart              |     3 |     2 |       |       |     2 |     4 |     9 |       |    15 ||    35
       Throwing net      |       |     2 |     4 |       |    11 |     2 |       |       |     4 ||    23
       Javelin           |       |       |    19 |       |       |       |       |       |     8 ||    27
       Boomerang         |       |       |       |       |       |    13 |   105 |     5 |    21 ||   144
Invok: Divine Shield     |       |       |       |    11 |    15 |    20 |    16 |    27 |    26 ||   115
       Cleansing Flame   |       |       |       |       |    21 |    21 |    38 |    39 |    60 ||   179
       Brand Weapon With |       |       |       |       |       |     1 |       |       |       ||     1
       Summon Divine War |       |       |       |       |       |     2 |       |     1 |       ||     3
Evoke: Wand              |       |       |     3 |    11 |    16 |    13 |     3 |       |    10 ||    56
       Tin of tremorston |       |       |       |       |     5 |     7 |     4 |     3 |     5 ||    24
       Phantom mirror    |       |       |       |       |       |     4 |     1 |       |       ||     5
  Use: Scroll            |     4 |     2 |     2 |     9 |    12 |    15 |     5 |     6 |     9 ||    64
       Potion            |       |     5 |       |     3 |     1 |     6 |     1 |     2 |    13 ||    31
Armor: Ring mail         |    46 |    16 |    95 |       |   250 |   106 |       |       |       ||   513
       Chain mail        |       |       |    20 |    63 |    26 |   537 |   615 |   350 |       ||  1611
       Leather armour    |       |       |       |     9 |       |       |       |       |       ||     9
       Ice dragon scales |       |       |       |       |       |    70 |       |       |       ||    70
       Gold dragon scale |       |       |       |       |       |       |       |   141 |   706 ||   847
Dodge: Dodged            |    65 |    23 |   158 |    70 |   421 |   831 |   673 |   413 |   629 ||  3283
Block: Other             |       |     1 |    62 |    52 |   134 |   214 |   180 |   258 |   131 ||  1032
       Reflection        |       |       |     3 |       |       |       |       |       |       ||     3
       Orb               |       |       |       |       |       |    65 |       |       |   363 ||   428

Table legend: (Time is in decaauts)
 A = Elapsed time spent in this place.
 B = Non-inter-level travel time spent in this place.
 C = Inter-level travel time spent in this place.
 D = Time resting spent in this place.
 E = Time spent auto-exploring this place.
 F = Levels seen in this place.
 G = Mean time per level.
                   A        B        C        D        E       F      G
               +--------+--------+--------+--------+--------+-----+--------+
         Total |  59973 |  56155 |   3818 |  11260 |  29740 |  59 | 1016.5 |
       Dungeon |  19949 |  18351 |   1598 |   3893 |  10168 |  15 | 1329.9 |
        Temple |    269 |    194 |     75 |      0 |    175 |   1 |  269.0 |
          Lair |   6163 |   5585 |    578 |    242 |   4312 |   6 | 1027.2 |
        Shoals |   3427 |   3229 |    198 |    786 |   1011 |   4 |  856.8 |
   Spider Nest |   3962 |   3780 |    182 |   1014 |   1722 |   4 |  990.5 |
    Slime Pits |   1046 |    982 |     64 |    379 |      1 |   5 |  209.2 |
  Orcish Mines |   1556 |   1397 |    159 |     66 |    843 |   2 |  778.0 |
   Elven Halls |   3799 |   3608 |    191 |    489 |   2074 |   3 | 1266.3 |
        Vaults |   9379 |   8929 |    450 |   2840 |   4326 |   5 | 1875.8 |
         Crypt |   3330 |   3156 |    174 |    113 |   2263 |   3 | 1110.0 |
        Depths |   4524 |   4379 |    145 |   1067 |   2162 |   3 | 1508.0 |
          Hell |    749 |    749 |      0 |     82 |    384 |   1 |  749.0 |
       Gehenna |    314 |    314 |      0 |     81 |     23 |   3 |  104.7 |
         Trove |    102 |    102 |      0 |      0 |      0 |   1 |  102.0 |
        Bailey |    278 |    278 |      0 |      0 |    125 |   1 |  278.0 |
      Ice Cave |    748 |    748 |      0 |    129 |     57 |   1 |  748.0 |
       Volcano |    367 |    367 |      0 |     76 |     92 |   1 |  367.0 |
               +--------+--------+--------+--------+--------+-----+--------+

Top non-repeatable levels by time:
Vaults:4: 2882 daAuts
     D:7: 2529 daAuts
Depths:3: 1839 daAuts
     D:4: 1827 daAuts
Vaults:2: 1815 daAuts
Vaults:5: 1716 daAuts
Depths:1: 1638 daAuts
    D:13: 1561 daAuts
   Elf:3: 1536 daAuts
Vaults:3: 1518 daAuts
Shoals:4: 1460 daAuts
Vaults:1: 1446 daAuts
     D:9: 1397 daAuts
   Elf:1: 1391 daAuts
  Lair:2: 1379 daAuts
